 Dungeon Crawl Stone Soup version 0.31-a0-750-gfe7b580527 (webtiles) character file.

Game seed: 11674716688161529607

20 cforsyth the Sneak (level 3, -1/30 HPs)
             Began as a Djinni Delver on Sept 14, 2023.
             Killed from afar by a white imp (10 damage)
             ... with a puff of frost
             ... on level 4 of the Dungeon.
             The game lasted 00:01:30 (388 turns).

cforsyth the Sneak (Djinni Delver)                   Turns: 388, Time: 00:01:30

Health: -1/30      AC:  3    Str: 11    XL:     3   Next: 0%
Gold:   55         EV: 12    Int: 13    God:
                   SH:  0    Dex: 14

rFire   + + .        a - +0 falchion
rCold   x . .        (no shield)
rNeg    . . .        b - +0 leather armour
rPois   ∞            (no helmet)
rElec   .            (no cloak)
rCorr   .            (no gloves)
SInv    .            (boots unavailable)
Will    .....        (no amulet)
Stlth   ++           (no ring)
HPRegen 0.25/turn    (no ring)
MPRegen 0.00/turn

%: infuse magic (-2 HP)
@: flying
A: sickness immunity, fire resistance 2, cold vulnerability 1, float, innate
caster, HP casting, extra vitality 1
a: no special abilities


You were on level 4 of the Dungeon.
You visited 1 branch of the dungeon, and saw 3 of its levels.

You collected 55 gold pieces.

Inventory:

Hand Weapons
 a - a +0 falchion (weapon)
Armour
 b - a +0 leather armour (worn)
Wands
 g - a wand of digging (3)
Scrolls
 c - a scroll of fog
 d - a scroll of revelation
 e - a scroll of fear
 i - a scroll of teleportation {unknown}
 j - a scroll of enchant armour {unknown}
Potions
 f - a potion of haste
 h - 2 potions of berserk rage {unknown}


   Skills:
 + Level 3.4 Fighting
 - Level 1.7 Long Blades
 - Level 2.1 Dodging
 - Level 4.1 Stealth
 + Level 1.0 Spellcasting
 + Level 1.0 Conjurations
 + Level 1.0 Hexes
   Level 0.0 Charms
 + Level 1.0 Summonings
 + Level 1.0 Necromancy
 + Level 1.0 Translocations
 + Level 1.0 Transmutations
 + Level 1.0 Fire Magic
 + Level 1.0 Ice Magic
 + Level 1.0 Air Magic
 + Level 1.0 Earth Magic
 + Level 1.0 Poison Magic


You knew the following spells:

 Your Spells              Type           Power      Damage    Failure   Level
a - Freeze                Ice            12%        1d3       24%         1
Your spell library was empty.

Dungeon Overview and Level Annotations

Branches:
Dungeon (5/15)
 Temple: D:4-7

Altars:


Innate Abilities, Weirdness & Mutations

You are immune to sickness and miasma.
You are immune to poison.
Your flesh is very heat resistant. (rF++)
You are vulnerable to cold. (rC-)
You float through the air rather than walking.
You learn spells naturally, not from books.
Your magical power is your life essence.
You have superior vitality. (+4 MHP)


Message History

No target in view!
No target in view!
No target in view!
No target in view!
No target in view!
A ball python comes into view.
A ball python is nearby!
A ball python is nearby!
Found a scroll labelled XONUHI DEOWN.
Found an escape hatch in the floor.
You see here 13 gold pieces.
The helpless ball python fails to defend itself.
You slash the ball python!
You kill the ball python!
You have reached level 3!
Your experience leads to an increase in your attributes!
Increase (S)trength, (I)ntelligence, or (D)exterity?
You feel clever. x2
The power to cast Freeze wells up from within.
Spell assigned to 'a'.
You see here a ball python corpse.
j - a scroll labelled XONUHI DEOWN You see here a ball python corpse.
You now have 55 gold pieces (gained 13).
A white imp is nearby!
A white imp comes into view.
The white imp shouts!
The white imp gestures at you. The puff of frost hits you!
You feel a terrible chill!
You closely miss the white imp. The white imp hits you.
The white imp freezes you!
You feel a terrible chill!
You closely miss the white imp. The white imp hits you.
The white imp freezes you.
You feel a terrible chill!
* * * LOW HITPOINT WARNING * * *
The white imp barely misses you.
You hit the white imp but do no damage.
You punch the white imp, but do no damage.
The white imp gestures at you. The puff of frost hits you!
You feel a terrible chill!
You die...

.....#######......###~ # ..#.#~~
.....####.........####5~~~#.#...~
......................... .....>#
.....####.....###.#####. ...#.#
.....# ####### #.# .#####.#.#
.....# ######.## .#...$..?...
###### #.......#..#######.<.#
#♣.P...........#......#
#P...5@..#####..<..#5.#
.....P..........#####..#
......................†#
................#####..#
.....########### ...# ..... ....#
.... .#.#.# ...^ ♣...#.. ♣..##.#


You could see a white imp.

Vanquished Creatures
  An adder (D:4)
  A dart slug (D:4)
  A ball python (D:4)
  A bat (D:3)
  A giant cockroach (D:4)
  2 goblins
  A kobold (D:4)
8 creatures vanquished.

Notes
Turn   | Place    | Note
-------+----------+-------------------------------------------
     0 | D:5      | cforsyth the Djinni Delver began the quest for the Orb.
     0 | D:5      | Reached XP level 1. HP: 20/20 MP: 0/0
    74 | D:5      | Noticed a lemure
   147 | D:4      | Reached XP level 2. HP: 25/25 MP: 0/0
   308 | D:4      | Reached skill level 1 in Spellcasting
   308 | D:4      | Reached skill level 1 in Conjurations
   308 | D:4      | Reached skill level 1 in Hexes
   308 | D:4      | Reached skill level 1 in Summonings
   308 | D:4      | Reached skill level 1 in Necromancy
   308 | D:4      | Reached skill level 1 in Translocations
   308 | D:4      | Reached skill level 1 in Transmutations
   308 | D:4      | Reached skill level 1 in Fire Magic
   308 | D:4      | Reached skill level 1 in Ice Magic
   308 | D:4      | Reached skill level 1 in Air Magic
   308 | D:4      | Reached skill level 1 in Earth Magic
   308 | D:4      | Reached skill level 1 in Poison Magic
   360 | D:4      | Reached XP level 3. HP: 30/30 MP: 0/0
   360 | D:4      | Learned a level 1 spell: Freeze
   388 | D:4      | Killed from afar by a white imp

Illustrated notes

Levels and vault maps discovered:
D:3:      layout_basic
D:4:      cheibrodos_fertilizer, layout_basic, cheibriados_altar_1,
          nicolae_qazlal_scattered_showers, kennysheep_mini, serial_demonic,
          serial_demonic_c, serial_demonic_d, serial_demonic_b,
          serial_demonic_c, minmay_misc_feat_hallway,
          minmay_misc_feat_diagonals, minmay_manual_mullet
D:5:      layout_loops_cross, serial_shops, nicolae_shop_just_a_little_nook,
          ebering_dispersal_statue_hall, kennysheep_generic_room_9,
          uniq_grinder, uniq_sigmund, uniq_pikel

Skill      XL: |  1  2 |
---------------+-------+-----
Spellcasting   | 1 |  1.0
Conjurations   | 1 |  1.0
Hexes          | 1 |  1.0
Summonings     | 1 |  1.0
Necromancy     | 1 |  1.0
Translocations | 1 |  1.0
Transmutations | 1 |  1.0
Fire Magic     | 1 |  1.0
Ice Magic      | 1 |  1.0
Air Magic      | 1 |  1.0
Earth Magic    | 1 |  1.0
Poison Magic   | 1 |  1.0
Fighting       | |  3.4
Long Blades    | |  1.7
Dodging        | |  2.1
Stealth        | |  4.1

Action                     || total
---------------------------++-------
  Melee: Falchion          ||    31
         Punch             ||     2
   Stab: Sleeping          ||     1
 Armour: Leather armour    ||    19
  Dodge: Dodged            ||    22

Table legend: (Time is in decaauts)
 A = Elapsed time spent in this place.
 B = Non-inter-level travel time spent in this place.
 C = Inter-level travel time spent in this place.
 D = Time resting spent in this place.
 E = Time spent auto-exploring this place.
 F = Levels seen in this place.
 G = Mean time per level.
                   A        B        C        D        E       F      G
               +--------+--------+--------+--------+--------+-----+--------+
         Total |    393 |    370 |     23 |     21 |    239 |   3 |  131.0 |
       Dungeon |    393 |    370 |     23 |     21 |    239 |   3 |  131.0 |
               +--------+--------+--------+--------+--------+-----+--------+

Top non-repeatable levels by time:
     D:4: 174 daAuts
     D:3: 110 daAuts
     D:5: 109 daAuts
